Panthers vs Canadiens

Created - April 1, 2019 at 19:01

Goals
1 2 3 T
Panthers 3 1 3 7
Canadiens 0 0 3 3
Shots
1 2 3 T
Panthers 14 7 15 36
Canadiens 12 4 15 31

1st period

1. Panthers , Jonathan Sigalet 6 (Tomas Kopecky 33, Matt Duchene 54) at 4:56 (PP)
2. Panthers , Kyle Clifford 28 (Drew Stafford 20, Jean-Gabriel Pageau 18) at 10:09
3. Panthers , Erik Christensen 17 (Matt Irwin 9) at 18:35

Penalties :
Vitaly Vishnevsky (Mon) for Roughing (Minor) at 4:48, Mike Weber (Flo) for Diving (Minor) at 11:21, Daniel Sedin (Flo) for Interference (Minor) at 14:47

2nd period

4. Panthers , Jonathan Matsumoto 7 (Patrick Eaves 11, Erik Gudbranson 34) at 2:58

Penalties :
Raphael Diaz (Mon) for Tripping (Minor) at 4:20, Erik Gudbranson (Flo) for Slashing (Minor) at 8:05, Nikolai Zherdev (Mon) for Holding (Minor) at 13:39

3rd period

5. Panthers , Drew Stafford 18 (Jean-Gabriel Pageau 19) at 0:19
6. Panthers , Kyle Clifford 29 (Jean-Gabriel Pageau 20) at 6:40
7. Canadiens , Scott Hartnell 20 (Mark Stuart 11, Pierre-Marc Bouchard 22) at 6:46
8. Canadiens , Enver Lisin 8 (Tomas Plekanec 8, Shaone Morrisonn 14) at 8:59
9. Canadiens , Pierre-Marc Bouchard 19 (Steve Downie 21) at 17:14
10. Panthers , Matt Duchene 24 (Radko Gudas 7, Matt Irwin 10) at 18:59

Penalties :
Daniel Sedin (Flo) for Holding (Minor) at 1:57, Erik Gudbranson (Flo) for Holding (Minor) at 13:42

Goalie Stats

Antti Niemi (Flo), 28 saves from 31 shots - (0.903), W, 19-19-7, 60:00 minutes
Allen York (Mon), 12 saves from 14 shots - (0.857), 19:41 minutes
Henrik Lundqvist (Mon), 17 saves from 22 shots - (0.773), L, 27-23-6, 40:19 minutes

Players Stats for Panthers

Player Name              G  A  P  +/- PIM S  H  SB GA TA FO     MP     PP MP  PK MP  
------------------------------------------------------------------------------------
Alex Galchenyuk          0  0  0  -1  0   3  3  1  2  0  0/1    19:06   2:21   1:58 
Daniel Sedin             0  0  0   1  4   2  0  0  0  0  0/0     9:41   0:00   0:00 
Drew Stafford            1  1  2   3  0   6  2  0  0  0  1/2    19:25   1:45   4:56 
Erik Christensen         1  0  1   1  0   1  0  0  1  0  8/10   14:46   0:00   5:09 
Erik Gudbranson          0  1  1   2  4   1  1  1  2  1  0/0    27:19   2:02   3:30 
Jean-Gabriel Pageau      0  3  3   3  0   1  1  0  0  0  9/15   17:29   1:45   2:54 
Jonathan Matsumoto       1  0  1   0  0   2  1  0  0  0  1/1     8:45   0:00   0:00 
Jonathan Sigalet         1  0  1   2  0   2  1  2  0  0  0/0    28:01   2:02   4:40 
Kyle Clifford            2  0  2   3  0   7  2  2  0  0  0/0    17:23   1:45   2:48 
Matt Duchene             1  1  2  -1  0   2  0  0  1  0  17/30  17:18   2:21   0:10 
Matt Irwin               0  2  2   0  0   0  0  2  1  0  0/0    16:44   2:04   0:10 
Mike Weber               0  0  0   1  2   0  1  0  0  0  0/0    14:03   0:00   3:03 
Patrick Eaves            0  1  1   0  0   3  0  1  1  0  0/0     8:45   0:00   0:00 
Peter Worrell            0  0  0   0  0   2  0  0  1  0  1/1     8:45   0:00   0:00 
Radko Gudas              0  1  1   0  0   2  0  1  0  0  0/0    22:08   2:04   6:06 
Steve Quailer            0  0  0   1  0   1  1  0  0  0  0/0    11:27   0:00   1:55 
Tomas Kopecky            0  1  1  -1  0   1  3  0  0  0  2/3    16:33   2:21   0:00 
William Colbert          0  0  0   1  0   0  0  2  0  0  0/0    12:22   0:00   2:21 

Players Stats for Canadiens

Player Name              G  A  P  +/- PIM S  H  SB GA TA FO     MP     PP MP  PK MP  
------------------------------------------------------------------------------------
Andrew Alberts           0  0  0  -2  0   0  3  0  0  0  0/0    15:50   0:00   2:31 
Brett Maclean            0  0  0   1  0   1  0  1  0  0  0/0     7:06   0:09   0:00 
Colton Parayko           0  0  0  -3  0   0  1  0  0  1  0/0    22:26   4:40   1:27 
David Jones              0  0  0  -2  0   1  2  1  0  0  0/0    15:17   4:28   0:00 
Dustin Boyd              0  0  0  -2  0   4  0  0  1  0  4/5    12:38   0:00   1:34 
Enver Lisin              1  0  1   1  0   2  2  0  0  0  0/1     6:57   0:01   0:00 
Frans Nielsen            0  0  0   0  0   5  0  1  0  0  2/17   18:25   5:27   0:13 
Greg Stewart             0  0  0   0  0   3  2  0  0  1  0/0    18:21   4:28   1:01 
Mark Stuart              0  1  1  -2  0   4  0  0  0  0  0/0    26:44   4:40   1:35 
Nikolai Zherdev          0  0  0   0  2   1  0  0  0  0  0/0    12:45   0:00   0:00 
Pierre-Marc Bouchard     1  1  2  -2  0   2  1  0  0  0  14/32  19:57   4:28   0:00 
Raphael Diaz             0  0  0  -3  2   0  2  0  0  1  0/0    26:00   5:15   0:00 
Scott Hartnell           1  0  1  -2  0   3  1  2  0  1  1/3    21:31   5:18   0:46 
Shaone Morrisonn         0  1  1   2  0   2  1  1  0  3  0/0    13:06   0:00   2:39 
Steve Downie             0  1  1  -2  0   2  3  1  0  1  0/0    22:58   5:26   2:19 
Tomas Plekanec           0  1  1   1  0   0  1  0  0  0  3/5     9:15   0:00   2:19 
Viktor Stalberg          0  0  0  -2  0   1  0  0  0  0  0/0    10:43   0:00   0:00 
Vitaly Vishnevsky        0  0  0   2  2   0  0  1  0  1  0/0    15:52   5:15   0:00 

3 Stars

1 - Kyle Clifford (Flo)
2 - Drew Stafford (Flo)
3 - Jean-Gabriel Pageau (Flo)

Power Play

Panthers - 1 on 3 Attempt(s) - 33.33%
Canadiens - 0 on 5 Attempt(s) - 0.00%

Penalty Kill

Panthers - 5 on 5 Attempt(s) - 100.00% - Score 0 goal in Penalty Kill
Canadiens - 2 on 3 Attempt(s) - 66.67% - Score 0 goal in Penalty Kill

Team Stat

Panthers - Hits : 16 - Faceoff Wins : 39 - Blocked Shots : 12 - Penalty Minutes : 10
Canadiens - Hits : 19 - Faceoff Wins : 24 - Blocked Shots : 8 - Penalty Minutes : 6

Official

Referees : Unknown
Linesman : Unknown

Game Notes

Allen York enters game at 0:19 of 3rd period

Finance

Level 1 -- Attendance: 5149 (85.82%) -- Ticket Income $463,410
Level 2 -- Attendance: 4786 (95.72%) -- Ticket Income $263,230
Level 3 -- Attendance: 1773 (88.65%) -- Ticket Income $62,055
Level 4 -- Attendance: 3721 (93.03%) -- Ticket Income $93,025
Luxury Box -- Attendance: 927 (92.70%) -- Ticket Income $136,269
Game was played at the Centre Bell.
Total Attendance: 16356 (90.87%)
Total Ticket Income: $1,017,989
Other Income: $152,698
Total Income: $1,170,687

Panthers

5 vs 5 Forward 
   Center                   Left Wing                Right Wing               Time % Phy DF OF 
 1 Matt Duchene             Alex Galchenyuk          Tomas Kopecky            40     1   2  2  
 2 Jean-Gabriel Pageau      Kyle Clifford            Drew Stafford            30     1   2  2  
 3 Erik Christensen         Daniel Sedin             Steve Quailer            20     1   2  2  
 4 Jonathan Matsumoto       Peter Worrell            Patrick Eaves            10     1   2  2  

5 vs 5 Defense 
   Defense                  Defense                                           Time % Phy DF OF 
 1 Erik Gudbranson          Jonathan Sigalet                                  40     1   2  2  
 2 Radko Gudas              Matt Irwin                                        30     1   2  2  
 3 Mike Weber               William Colbert                                   20     1   2  2  
 4 Erik Gudbranson          Jonathan Sigalet                                  10     1   2  2  

PowerPlay Forward 
   Center                   Left Wing                Right Wing               Time % Phy DF OF 
 1 Matt Duchene             Alex Galchenyuk          Tomas Kopecky            60     1   2  2  
 2 Jean-Gabriel Pageau      Kyle Clifford            Drew Stafford            40     1   2  2  

PowerPlay Defense
   Defense                  Defense                                           Time % Phy DF OF 
 1 Erik Gudbranson          Jonathan Sigalet                                  60     1   2  2  
 2 Radko Gudas              Matt Irwin                                        40     1   2  2  

Penalty Kill 4 Players Forward 
   Center                   Wing                     Time % Phy DF OF 
 1 Erik Christensen         Drew Stafford            60     1   2  2  
 2 Jean-Gabriel Pageau      Kyle Clifford            40     1   2  2  

Penalty Kill 4 Players Defense
   Defense                  Defense                  Time % Phy DF OF 
 1 Erik Gudbranson          Radko Gudas              60     1   2  2  
 2 Jonathan Sigalet         Mike Weber               40     1   2  2  

Penalty Kill - 3 Players Forward 
   Forward                                           Time % Phy DF OF 
 1 Erik Christensen                                  60     1   2  2  
 2 Drew Stafford                                     40     1   2  2  

Penalty Kill - 3 Players Defense
   Defense                  Defense                  Time % Phy DF OF 
 1 Erik Gudbranson          Radko Gudas              60     1   2  2  
 2 Jonathan Sigalet         Mike Weber               40     1   2  2  

4 vs 4 Forward 
   Center                   Wing                     Time % Phy DF OF 
 1 Matt Duchene             Alex Galchenyuk          60     1   2  2  
 2 Jean-Gabriel Pageau      Kyle Clifford            40     1   2  2  

4 vs 4 Defense
   Defense                  Defense                  Time % Phy DF OF 
 1 Erik Gudbranson          Jonathan Sigalet         60     1   2  2  
 2 Radko Gudas              Matt Irwin               40     1   2  2  

Last Minutes Offensive
   Center                   Left Wing                Right Wing               Defense                  Defense                  
   Matt Duchene             Alex Galchenyuk          Tomas Kopecky            Erik Gudbranson          Jonathan Sigalet         

Last Minutes Defensive
   Center                   Left Wing                Right Wing               Defense                  Defense                  
   Jean-Gabriel Pageau      Kyle Clifford            Drew Stafford            Erik Gudbranson          Jonathan Sigalet         

Goaltenders
Starting : Antti Niemi              
Backup : Petr Mrazek              

Extra Forwards
Normal : Jean-Gabriel Pageau, Matt Duchene, Alex Galchenyuk - PP : Drew Stafford, Kyle Clifford - PK : Steve Quailer
Extra Defensemen
Normal : Radko Gudas, Erik Gudbranson, Jonathan Sigalet - PP : Mike Weber - PK : Jonathan Sigalet, Erik Gudbranson
Penalty Shots
Alex Galchenyuk, Daniel Sedin, Drew Stafford, Matt Duchene, Kyle Clifford

Scratches
Nigel Dawes (Healthy)

Canadiens

5 vs 5 Forward 
   Center                   Left Wing                Right Wing               Time % Phy DF OF 
 1 Pierre-Marc Bouchard     Scott Hartnell           Steve Downie             40     0   1  4  
 2 Frans Nielsen            Greg Stewart             Nikolai Zherdev          30     0   1  4  
 3 Dustin Boyd              Viktor Stalberg          David Jones              20     0   2  3  
 4 Tomas Plekanec           Brett Maclean            Enver Lisin              10     0   3  2  

5 vs 5 Defense 
   Defense                  Defense                                           Time % Phy DF OF 
 1 Mark Stuart              Raphael Diaz                                      40     0   2  3  
 2 Andrew Alberts           Colton Parayko                                    30     0   2  3  
 3 Vitaly Vishnevsky        Shaone Morrisonn                                  20     0   3  2  
 4 Colton Parayko           Raphael Diaz                                      10     0   3  2  

PowerPlay Forward 
   Center                   Left Wing                Right Wing               Time % Phy DF OF 
 1 Frans Nielsen            Scott Hartnell           Steve Downie             60     0   0  5  
 2 Pierre-Marc Bouchard     Greg Stewart             David Jones              40     0   0  5  

PowerPlay Defense
   Defense                  Defense                                           Time % Phy DF OF 
 1 Raphael Diaz             Vitaly Vishnevsky                                 60     0   1  4  
 2 Colton Parayko           Mark Stuart                                       40     0   1  4  

Penalty Kill 4 Players Forward 
   Center                   Wing                     Time % Phy DF OF 
 1 Tomas Plekanec           Steve Downie             60     0   5  0  
 2 Dustin Boyd              Scott Hartnell           40     0   5  0  

Penalty Kill 4 Players Defense
   Defense                  Defense                  Time % Phy DF OF 
 1 Shaone Morrisonn         Andrew Alberts           60     1   4  0  
 2 Colton Parayko           Mark Stuart              40     1   4  0  

Penalty Kill - 3 Players Forward 
   Forward                                           Time % Phy DF OF 
 1 Tomas Plekanec                                    60     0   5  0  
 2 Dustin Boyd                                       40     0   5  0  

Penalty Kill - 3 Players Defense
   Defense                  Defense                  Time % Phy DF OF 
 1 Shaone Morrisonn         Andrew Alberts           60     0   5  0  
 2 Mark Stuart              Vitaly Vishnevsky        40     0   5  0  

4 vs 4 Forward 
   Center                   Wing                     Time % Phy DF OF 
 1 Pierre-Marc Bouchard     Greg Stewart             60     0   2  3  
 2 Frans Nielsen            Scott Hartnell           40     0   2  3  

4 vs 4 Defense
   Defense                  Defense                  Time % Phy DF OF 
 1 Vitaly Vishnevsky        Mark Stuart              60     0   2  3  
 2 Colton Parayko           Raphael Diaz             40     0   2  3  

Last Minutes Offensive
   Center                   Left Wing                Right Wing               Defense                  Defense                  
   Frans Nielsen            Scott Hartnell           Steve Downie             Vitaly Vishnevsky        Raphael Diaz             

Last Minutes Defensive
   Center                   Left Wing                Right Wing               Defense                  Defense                  
   Tomas Plekanec           Scott Hartnell           Steve Downie             Shaone Morrisonn         Colton Parayko           

Goaltenders
Starting : Henrik Lundqvist         
Backup : Allen York               

Extra Forwards
Normal : Pierre-Marc Bouchard, Frans Nielsen, Greg Stewart - PP : Scott Hartnell, Frans Nielsen - PK : Tomas Plekanec
Extra Defensemen
Normal : Vitaly Vishnevsky, Raphael Diaz, Shaone Morrisonn - PP : Vitaly Vishnevsky - PK : Mark Stuart, Colton Parayko
Penalty Shots
Scott Hartnell, Frans Nielsen, Greg Stewart, Pierre-Marc Bouchard, Steve Downie

Scratches
Adam Pardy (Broken Bone (Right Leg) Injury), Dustin Kohn (Healthy), Marcel Goc (Healthy), Evgeny Dadonov (Suspend), Wes O'Neill (Healthy)

% Time on Ice - Panthers

Lines # - Real PCT - Wanted PCT - Time Play
Normal Forward
1 - 32% - 40% - 14:52
2 - 28% - 30% - 12:50
3 - 21% - 20% - 9:32
4 - 19% - 10% - 8:45
Normal Defense
1 - 44% - 40% - 20:14
2 - 32% - 30% - 14:38
3 - 18% - 20% - 8:20
4 - 6% - 10% - 2:47
PP Forward
1 - 57% - 60% - 2:21
2 - 43% - 40% - 1:45
PP Defense
1 - 50% - 60% - 2:02
2 - 50% - 40% - 2:04
PK Forward
1 - 72% - 60% - 7:07
2 - 28% - 40% - 2:48
PK Defense
1 - 63% - 60% - 6:16
2 - 37% - 40% - 3:39
PK3 Forward
1 - 0% - 60%
2 - 0% - 40%
PK3 Defense
1 - 0% - 60%
2 - 0% - 40%
44 Forward
1 - 0% - 60%
2 - 0% - 40%
44 Defense
1 - 0% - 60%
2 - 0% - 40%
Last Minute Offensive  - 0:00
Last Minute Defensive  - 0:00
Total
Forward - 60:00
Defense - 60:00

% Time on Ice - Canadiens

Lines # - Real PCT - Wanted PCT - Time Play
Normal Forward
1 - 34% - 40% - 15:28
2 - 28% - 30% - 12:52
3 - 23% - 20% - 10:43
4 - 15% - 10% - 6:56
Normal Defense
1 - 42% - 40% - 19:16
2 - 32% - 30% - 14:46
3 - 23% - 20% - 10:24
4 - 3% - 10% - 1:33
PP Forward
1 - 55% - 60% - 5:27
2 - 45% - 40% - 4:28
PP Defense
1 - 53% - 60% - 5:15
2 - 47% - 40% - 4:40
PK Forward
1 - 81% - 60% - 3:20
2 - 19% - 40% - 0:46
PK Defense
1 - 65% - 60% - 2:39
2 - 35% - 40% - 1:27
PK3 Forward
1 - 0% - 60%
2 - 0% - 40%
PK3 Defense
1 - 0% - 60%
2 - 0% - 40%
44 Forward
1 - 0% - 60%
2 - 0% - 40%
44 Defense
1 - 0% - 60%
2 - 0% - 40%
Last Minute Offensive  - 0:00
Last Minute Defensive  - 0:00
Total
Forward - 60:00
Defense - 60:00

Play-by-Play

1st period


0:01 of 1st period - Matt Duchene wins face-off versus Pierre-Marc Bouchard in neutral zone.
0:17 of 1st period - Off-side.
0:18 of 1st period - Jean-Gabriel Pageau wins face-off versus Frans Nielsen in neutral zone.
0:27 of 1st period - Snap shot by Nikolai Zherdev.
0:27 of 1st period - Shot Blocked by Matt Irwin.
1:06 of 1st period - Wrist shot by Frans Nielsen.
1:06 of 1st period - Stopped by Antti Niemi with a rebound.
1:08 of 1st period - Slapshot by Andrew Alberts.
1:08 of 1st period - Deflect By Greg Stewart.
1:08 of 1st period - Stopped by Antti Niemi with a rebound.
1:10 of 1st period - Wrist shot by Frans Nielsen.
1:10 of 1st period - Shot Blocked by Radko Gudas.
1:12 of 1st period - Snap shot by Frans Nielsen.
1:12 of 1st period - Shot Misses the Net.
1:40 of 1st period - Snap shot by Daniel Sedin.
1:40 of 1st period - Stopped by Henrik Lundqvist with a rebound.
2:28 of 1st period - Matt Irwin is hit by Andrew Alberts and loses puck.
3:29 of 1st period - Slapshot by Frans Nielsen.
3:29 of 1st period - Stopped by Antti Niemi with a rebound.
3:31 of 1st period - Slapshot by Nikolai Zherdev.
3:31 of 1st period - Stopped by Antti Niemi with a rebound.
3:33 of 1st period - Slapshot by Andrew Alberts.
3:33 of 1st period - Deflect By Greg Stewart.
3:33 of 1st period - Shot Misses the Net.
3:33 of 1st period - Puck is out of play.
3:34 of 1st period - Matt Duchene wins face-off versus Pierre-Marc Bouchard in Panthers zone.
3:56 of 1st period - Icing by Steve Downie.
3:57 of 1st period - Dustin Boyd wins face-off versus Jean-Gabriel Pageau in Canadiens zone.
4:26 of 1st period - Snap shot by Jonathan Matsumoto.
4:26 of 1st period - Stopped by Henrik Lundqvist without a rebound.
4:27 of 1st period - Peter Worrell wins face-off versus Pierre-Marc Bouchard in Canadiens zone.
4:32 of 1st period - Wrist shot by Patrick Eaves.
4:32 of 1st period - Shot Misses the Net.
4:34 of 1st period - Wrist shot by Peter Worrell.
4:34 of 1st period - Shot Misses the Net.
4:38 of 1st period - Snap shot by Peter Worrell.
4:38 of 1st period - Shot Misses the Net.
4:48 of 1st period - Minor Penalty to Vitaly Vishnevsky for Roughing.
4:49 of 1st period - Matt Duchene wins face-off versus Tomas Plekanec in Canadiens zone.
4:52 of 1st period - Slapshot by Matt Duchene.
4:52 of 1st period - Shot Blocked by Steve Downie.
4:54 of 1st period - Wrist shot by Tomas Kopecky.
4:54 of 1st period - Shot Misses the Net.
4:56 of 1st period - Wrist shot by Jonathan Sigalet.
4:56 of 1st period - Goal by Jonathan Sigalet - Panthers : 1 - Canadiens : 0.
4:57 of 1st period - Pierre-Marc Bouchard wins face-off versus Matt Duchene in neutral zone.
4:57 of 1st period - Steve Downie is hit by Tomas Kopecky and loses puck.
5:30 of 1st period - Snap shot by Kyle Clifford.
5:30 of 1st period - Stopped by Henrik Lundqvist without a rebound.
5:31 of 1st period - Matt Duchene wins face-off versus Pierre-Marc Bouchard in Canadiens zone.
5:46 of 1st period - Snap shot by Matt Duchene.
5:46 of 1st period - Shot Blocked by Shaone Morrisonn.
5:58 of 1st period - David Jones is hit by Jonathan Matsumoto and loses puck.
6:45 of 1st period - Wrist shot by Kyle Clifford.
6:45 of 1st period - Deflect By Pierre-Marc Bouchard.
6:45 of 1st period - Shot Blocked by Scott Hartnell.
6:45 of 1st period - Puck is out of play.
6:46 of 1st period - Dustin Boyd wins face-off versus Jean-Gabriel Pageau in Canadiens zone.
6:53 of 1st period - Snap shot by Dustin Boyd.
6:53 of 1st period - Shot Blocked by Erik Gudbranson.
7:19 of 1st period - Slapshot by Dustin Boyd.
7:19 of 1st period - Stopped by Antti Niemi without a rebound.
7:20 of 1st period - Matt Duchene wins face-off versus Pierre-Marc Bouchard in Panthers zone.
7:50 of 1st period - Snap shot by Enver Lisin.
7:50 of 1st period - Deflect By Radko Gudas.
7:50 of 1st period - Shot Blocked by Matt Irwin.
7:50 of 1st period - Puck is out of play.
7:51 of 1st period - Dustin Boyd wins face-off versus Matt Duchene in Panthers zone.
8:13 of 1st period - Icing by Mark Stuart.
8:14 of 1st period - Jean-Gabriel Pageau wins face-off versus Dustin Boyd in Canadiens zone.
9:10 of 1st period - Icing by Brett Maclean.
9:11 of 1st period - Jean-Gabriel Pageau wins face-off versus Enver Lisin in Canadiens zone.
9:12 of 1st period - Wrist shot by Kyle Clifford.
9:12 of 1st period - Shot Blocked by Vitaly Vishnevsky.
9:44 of 1st period - Snap shot by Tomas Plekanec.
9:44 of 1st period - Shot Misses the Net.
9:47 of 1st period - Icing by Kyle Clifford.
9:48 of 1st period - Jean-Gabriel Pageau wins face-off versus Pierre-Marc Bouchard in Panthers zone.
9:57 of 1st period - Snap shot by Drew Stafford.
9:57 of 1st period - Stopped by Henrik Lundqvist with a rebound.
10:01 of 1st period - Wrist shot by Jean-Gabriel Pageau.
10:01 of 1st period - Shot Misses the Net.
10:03 of 1st period - Wrist shot by Kyle Clifford.
10:03 of 1st period - Shot Misses the Net.
10:05 of 1st period - Wrist shot by Kyle Clifford.
10:05 of 1st period - Stopped by Henrik Lundqvist with a rebound.
10:07 of 1st period - Slapshot by Drew Stafford.
10:07 of 1st period - Shot Misses the Net.
10:09 of 1st period - Wrist shot by Kyle Clifford.
10:09 of 1st period - Goal by Kyle Clifford - Panthers : 2 - Canadiens : 0.
10:10 of 1st period - Matt Duchene wins face-off versus Pierre-Marc Bouchard in neutral zone.
10:29 of 1st period - Erik Gudbranson is hit by Raphael Diaz and loses puck.
10:44 of 1st period - Snap shot by Steve Downie.
10:44 of 1st period - Stopped by Antti Niemi with a rebound.
10:50 of 1st period - Slapshot by Erik Gudbranson.
10:50 of 1st period - Deflect By Peter Worrell.
10:50 of 1st period - Stopped by Henrik Lundqvist with a rebound.
10:52 of 1st period - Slapshot by Erik Gudbranson.
10:52 of 1st period - Deflect By Peter Worrell.
10:52 of 1st period - Stopped by Henrik Lundqvist with a rebound.
11:06 of 1st period - Jean-Gabriel Pageau is hit by Andrew Alberts and loses puck.
11:21 of 1st period - Minor Penalty to Mike Weber for Diving.
11:22 of 1st period - Erik Christensen wins face-off versus Frans Nielsen in Panthers zone.
11:47 of 1st period - Erik Gudbranson is hit by Pierre-Marc Bouchard and loses puck.
11:54 of 1st period - Wrist shot by Greg Stewart.
11:54 of 1st period - Stopped by Antti Niemi with a rebound.
11:56 of 1st period - Slapshot by Mark Stuart.
11:56 of 1st period - Stopped by Antti Niemi with a rebound.
11:58 of 1st period - Slapshot by Mark Stuart.
11:58 of 1st period - Shot Misses the Net.
12:25 of 1st period - Mark Stuart is hit by Alex Galchenyuk and loses puck.
13:07 of 1st period - Jean-Gabriel Pageau is hit by Raphael Diaz and loses puck.
13:21 of 1st period - Penalty to Mike Weber is over, Mike Weber is back on ice.
14:10 of 1st period - William Colbert is hit by Shaone Morrisonn and loses puck.
14:47 of 1st period - Minor Penalty to Daniel Sedin for Interference.
14:48 of 1st period - Erik Christensen wins face-off versus Frans Nielsen in Panthers zone.
16:11 of 1st period - Mark Stuart is hit by Steve Quailer and loses puck.
16:18 of 1st period - Mike Weber is hit by David Jones and loses puck.
16:25 of 1st period - Wrist shot by Pierre-Marc Bouchard.
16:25 of 1st period - Shot Blocked by Alex Galchenyuk.
16:27 of 1st period - Slapshot by Colton Parayko.
16:27 of 1st period - Shot Blocked by Jonathan Sigalet.
16:29 of 1st period - Snap shot by Mark Stuart.
16:29 of 1st period - Stopped by Antti Niemi without a rebound.
16:30 of 1st period - Erik Christensen wins face-off versus Frans Nielsen in Panthers zone.
16:30 of 1st period - Erik Christensen is hit by Steve Downie.
16:42 of 1st period - Slapshot by Raphael Diaz.
16:42 of 1st period - Shot Misses the Net.
16:44 of 1st period - Backhand shot by Raphael Diaz.
16:44 of 1st period - Deflect By Frans Nielsen.
16:44 of 1st period - Stopped by Antti Niemi with a rebound.
16:47 of 1st period - Penalty to Daniel Sedin is over, Daniel Sedin is back on ice.
16:56 of 1st period - Erik Gudbranson is hit by Tomas Plekanec and loses puck.
17:03 of 1st period - Wrist shot by Brett Maclean.
17:03 of 1st period - Stopped by Antti Niemi without a rebound.
17:04 of 1st period - Pierre-Marc Bouchard wins face-off versus Drew Stafford in Panthers zone.
17:09 of 1st period - Snap shot by Scott Hartnell.
17:09 of 1st period - Deflect By Steve Downie.
17:09 of 1st period - Shot Blocked by Kyle Clifford.
17:09 of 1st period - Puck is out of play.
17:10 of 1st period - Jean-Gabriel Pageau wins face-off versus Pierre-Marc Bouchard in Panthers zone.
17:29 of 1st period - Raphael Diaz is hit by Jean-Gabriel Pageau and loses puck.
17:38 of 1st period - Wrist shot by Kyle Clifford.
17:38 of 1st period - Stopped by Henrik Lundqvist without a rebound.
17:39 of 1st period - Matt Duchene wins face-off versus Frans Nielsen in Canadiens zone.
17:40 of 1st period - Slapshot by Alex Galchenyuk.
17:40 of 1st period - Shot Misses the Net.
17:42 of 1st period - Slapshot by Matt Irwin.
17:42 of 1st period - Shot Misses the Net.
17:44 of 1st period - Wrist shot by Alex Galchenyuk.
17:44 of 1st period - Shot Misses the Net.
17:46 of 1st period - Snap shot by Alex Galchenyuk.
17:46 of 1st period - Stopped by Henrik Lundqvist with a rebound.
17:48 of 1st period - Slapshot by Radko Gudas.
17:48 of 1st period - Shot Misses the Net.
17:50 of 1st period - Slapshot by Radko Gudas.
17:50 of 1st period - Stopped by Henrik Lundqvist without a rebound.
17:51 of 1st period - Matt Duchene wins face-off versus Pierre-Marc Bouchard in Canadiens zone.
18:35 of 1st period - Snap shot by Erik Christensen.
18:35 of 1st period - Goal by Erik Christensen - Panthers : 3 - Canadiens : 0.
18:36 of 1st period - Matt Duchene wins face-off versus Pierre-Marc Bouchard in neutral zone.
18:51 of 1st period - Slapshot by Erik Gudbranson.
18:51 of 1st period - Stopped by Henrik Lundqvist without a rebound.
18:52 of 1st period - Jean-Gabriel Pageau wins face-off versus Frans Nielsen in Canadiens zone.
19:07 of 1st period - Wrist shot by Greg Stewart.
19:07 of 1st period - Shot Misses the Net.
19:09 of 1st period - Slapshot by Mark Stuart.
19:09 of 1st period - Deflect By Erik Gudbranson.
19:09 of 1st period - Stopped by Antti Niemi without a rebound.
19:10 of 1st period - Pierre-Marc Bouchard wins face-off versus Matt Duchene in Panthers zone.
19:56 of 1st period - Frans Nielsen is hit by Drew Stafford and loses puck.
Goals for this period are 3 for Panthers vs 0 for Canadiens.
Shots for this period are 14 for Panthers vs 12 for Canadiens.

2nd period


0:01 of 2nd period - Pierre-Marc Bouchard wins face-off versus Matt Duchene in neutral zone.
0:12 of 2nd period - Snap shot by Matt Duchene.
0:12 of 2nd period - Shot Misses the Net.
0:22 of 2nd period - Scott Hartnell is hit by Jonathan Sigalet and loses puck.
1:27 of 2nd period - Wrist shot by Viktor Stalberg.
1:27 of 2nd period - Shot Misses the Net.
2:38 of 2nd period - Wrist shot by Jonathan Matsumoto.
2:38 of 2nd period - Shot Misses the Net.
2:50 of 2nd period - Wrist shot by Patrick Eaves.
2:50 of 2nd period - Shot Misses the Net.
2:56 of 2nd period - Slapshot by Patrick Eaves.
2:56 of 2nd period - Shot Misses the Net.
2:58 of 2nd period - Snap shot by Jonathan Matsumoto.
2:58 of 2nd period - Goal by Jonathan Matsumoto - Panthers : 4 - Canadiens : 0.
2:59 of 2nd period - Matt Duchene wins face-off versus Pierre-Marc Bouchard in neutral zone.
3:05 of 2nd period - Off-side.
3:06 of 2nd period - Pierre-Marc Bouchard wins face-off versus Matt Duchene in neutral zone.
3:55 of 2nd period - Snap shot by Erik Christensen.
3:55 of 2nd period - Shot Misses the Net.
4:20 of 2nd period - Minor Penalty to Raphael Diaz for Tripping.
4:21 of 2nd period - Tomas Plekanec wins face-off versus Alex Galchenyuk in Canadiens zone.
4:29 of 2nd period - Wrist shot by Steve Downie.
4:29 of 2nd period - Stopped by Antti Niemi without a rebound.
4:30 of 2nd period - Tomas Plekanec wins face-off versus Matt Duchene in Panthers zone.
6:20 of 2nd period - Penalty to Raphael Diaz is over, Raphael Diaz is back on ice.
6:28 of 2nd period - Snap shot by Greg Stewart.
6:28 of 2nd period - Stopped by Antti Niemi without a rebound.
6:29 of 2nd period - Erik Christensen wins face-off versus Frans Nielsen in Panthers zone.
7:13 of 2nd period - Dustin Boyd is hit by Kyle Clifford and loses puck.
7:44 of 2nd period - Slapshot by Drew Stafford.
7:44 of 2nd period - Shot Blocked by Brett Maclean.
8:05 of 2nd period - Minor Penalty to Erik Gudbranson for Slashing.
8:06 of 2nd period - Erik Christensen wins face-off versus Frans Nielsen in Panthers zone.
9:32 of 2nd period - Vitaly Vishnevsky is hit by Kyle Clifford.
9:59 of 2nd period - Off-side.
10:00 of 2nd period - Pierre-Marc Bouchard wins face-off versus Matt Duchene in neutral zone.
10:05 of 2nd period - Penalty to Erik Gudbranson is over, Erik Gudbranson is back on ice.
10:23 of 2nd period - Snap shot by Enver Lisin.
10:23 of 2nd period - Stopped by Antti Niemi with a rebound.
10:47 of 2nd period - Vitaly Vishnevsky is hit by Mike Weber and loses puck.
11:41 of 2nd period - Wrist shot by Patrick Eaves.
11:41 of 2nd period - Stopped by Henrik Lundqvist with a rebound.
11:43 of 2nd period - Snap shot by Jonathan Sigalet.
11:43 of 2nd period - Deflect By Patrick Eaves.
11:43 of 2nd period - Stopped by Henrik Lundqvist with a rebound.
11:45 of 2nd period - Slapshot by Jonathan Sigalet.
11:45 of 2nd period - Shot Misses the Net.
11:57 of 2nd period - Raphael Diaz is hit by Erik Gudbranson.
12:11 of 2nd period - Snap shot by Raphael Diaz.
12:11 of 2nd period - Shot Blocked by Jonathan Sigalet.
12:37 of 2nd period - Peter Worrell is hit by Enver Lisin and loses puck.
12:57 of 2nd period - Wrist shot by Dustin Boyd.
12:57 of 2nd period - Stopped by Antti Niemi without a rebound.
12:58 of 2nd period - Pierre-Marc Bouchard wins face-off versus Matt Duchene in Panthers zone.
13:28 of 2nd period - Snap shot by Tomas Kopecky.
13:28 of 2nd period - Shot Blocked by Frans Nielsen.
13:30 of 2nd period - Snap shot by Drew Stafford.
13:30 of 2nd period - Stopped by Henrik Lundqvist with a rebound.
13:32 of 2nd period - Slapshot by Radko Gudas.
13:32 of 2nd period - Stopped by Henrik Lundqvist without a rebound.
13:33 of 2nd period - Jean-Gabriel Pageau wins face-off versus Frans Nielsen in Canadiens zone.
13:39 of 2nd period - Minor Penalty to Nikolai Zherdev for Holding.
13:40 of 2nd period - Tomas Plekanec wins face-off versus Matt Duchene in Canadiens zone.
13:40 of 2nd period - Tomas Plekanec is hit by Alex Galchenyuk.
15:39 of 2nd period - Penalty to Nikolai Zherdev is over, Nikolai Zherdev is back on ice.
16:20 of 2nd period - Wrist shot by Frans Nielsen.
16:20 of 2nd period - Shot Blocked by William Colbert.
16:22 of 2nd period - Slapshot by Frans Nielsen.
16:22 of 2nd period - Shot Blocked by William Colbert.
17:03 of 2nd period - Snap shot by Matt Duchene.
17:03 of 2nd period - Shot Misses the Net.
17:05 of 2nd period - Snap shot by Matt Duchene.
17:05 of 2nd period - Shot Misses the Net.
17:44 of 2nd period - Icing by Brett Maclean.
17:45 of 2nd period - Erik Christensen wins face-off versus Frans Nielsen in Canadiens zone.
18:15 of 2nd period - Colton Parayko is hit by Tomas Kopecky and loses puck.
19:53 of 2nd period - Snap shot by Jean-Gabriel Pageau.
19:53 of 2nd period - Shot Blocked by David Jones.
19:55 of 2nd period - Snap shot by Kyle Clifford.
19:55 of 2nd period - Stopped by Henrik Lundqvist with a rebound.
19:57 of 2nd period - Slapshot by Jonathan Sigalet.
19:57 of 2nd period - Deflect By Jean-Gabriel Pageau.
19:57 of 2nd period - Stopped by Henrik Lundqvist with a rebound.
Goals for this period are 1 for Panthers vs 0 for Canadiens.
Shots for this period are 7 for Panthers vs 4 for Canadiens.

3rd period


0:01 of 3rd period - Matt Duchene wins face-off versus Pierre-Marc Bouchard in neutral zone.
0:15 of 3rd period - Icing by Steve Downie.
0:16 of 3rd period - Jean-Gabriel Pageau wins face-off versus Scott Hartnell in Canadiens zone.
0:19 of 3rd period - Wrist shot by Drew Stafford.
0:19 of 3rd period - Goal by Drew Stafford - Panthers : 5 - Canadiens : 0.
0:19 of 3rd period - Allen York enters game.
0:20 of 3rd period - Pierre-Marc Bouchard wins face-off versus Tomas Kopecky in neutral zone.
0:57 of 3rd period - Backhand shot by Frans Nielsen.
0:57 of 3rd period - Deflect By Greg Stewart.
0:57 of 3rd period - Shot Misses the Net.
0:57 of 3rd period - Puck is out of play.
0:58 of 3rd period - Matt Duchene wins face-off versus Scott Hartnell in Panthers zone.
1:23 of 3rd period - Jonathan Sigalet is hit by Andrew Alberts and loses puck.
1:57 of 3rd period - Minor Penalty to Daniel Sedin for Holding.
1:58 of 3rd period - Erik Christensen wins face-off versus Frans Nielsen in Panthers zone.
1:58 of 3rd period - Erik Christensen is hit by Steve Downie.
3:47 of 3rd period - Mike Weber is hit by Colton Parayko and loses puck.
3:57 of 3rd period - Penalty to Daniel Sedin is over, Daniel Sedin is back on ice.
4:19 of 3rd period - Alex Galchenyuk is hit by Enver Lisin and loses puck.
4:44 of 3rd period - Jonathan Matsumoto is hit by Greg Stewart and loses puck.
6:12 of 3rd period - Icing by Shaone Morrisonn.
6:13 of 3rd period - Tomas Kopecky wins face-off versus Frans Nielsen in Canadiens zone.
6:36 of 3rd period - Snap shot by Drew Stafford.
6:36 of 3rd period - Shot Misses the Net.
6:38 of 3rd period - Wrist shot by Kyle Clifford.
6:38 of 3rd period - Stopped by Allen York without a rebound.
6:39 of 3rd period - Jean-Gabriel Pageau wins face-off versus Pierre-Marc Bouchard in Canadiens zone.
6:40 of 3rd period - Wrist shot by Kyle Clifford.
6:40 of 3rd period - Goal by Kyle Clifford - Panthers : 6 - Canadiens : 0.
6:41 of 3rd period - Pierre-Marc Bouchard wins face-off versus Matt Duchene in neutral zone.
6:46 of 3rd period - Snap shot by Scott Hartnell.
6:46 of 3rd period - Goal by Scott Hartnell - Panthers : 6 - Canadiens : 1.
6:47 of 3rd period - Matt Duchene wins face-off versus Pierre-Marc Bouchard in neutral zone.
6:54 of 3rd period - Snap shot by Tomas Kopecky.
6:54 of 3rd period - Stopped by Allen York without a rebound.
6:55 of 3rd period - Scott Hartnell wins face-off versus Matt Duchene in Canadiens zone.
6:55 of 3rd period - Scott Hartnell is hit by Tomas Kopecky.
7:03 of 3rd period - Backhand shot by Pierre-Marc Bouchard.
7:03 of 3rd period - Stopped by Antti Niemi with a rebound.
7:30 of 3rd period - Slapshot by Tomas Kopecky.
7:30 of 3rd period - Shot Misses the Net.
8:02 of 3rd period - Slapshot by Matt Duchene.
8:02 of 3rd period - Shot Misses the Net.
8:04 of 3rd period - Slapshot by Jonathan Sigalet.
8:04 of 3rd period - Stopped by Allen York without a rebound.
8:05 of 3rd period - Drew Stafford wins face-off versus Frans Nielsen in Canadiens zone.
8:12 of 3rd period - Andrew Alberts is hit by Drew Stafford and loses puck.
8:59 of 3rd period - Slapshot by Enver Lisin.
8:59 of 3rd period - Goal by Enver Lisin - Panthers : 6 - Canadiens : 2.
9:00 of 3rd period - Frans Nielsen wins face-off versus Jean-Gabriel Pageau in neutral zone.
9:03 of 3rd period - Slapshot by Mark Stuart.
9:03 of 3rd period - Stopped by Antti Niemi with a rebound.
9:05 of 3rd period - Snap shot by Frans Nielsen.
9:05 of 3rd period - Shot Misses the Net.
9:07 of 3rd period - Slapshot by Mark Stuart.
9:07 of 3rd period - Shot Misses the Net.
9:34 of 3rd period - Wrist shot by Viktor Stalberg.
9:34 of 3rd period - Shot Misses the Net.
9:36 of 3rd period - Wrist shot by Viktor Stalberg.
9:36 of 3rd period - Shot Blocked by Kyle Clifford.
9:38 of 3rd period - Slapshot by Dustin Boyd.
9:38 of 3rd period - Stopped by Antti Niemi with a rebound.
9:40 of 3rd period - Snap shot by Viktor Stalberg.
9:40 of 3rd period - Stopped by Antti Niemi without a rebound.
9:41 of 3rd period - Matt Duchene wins face-off versus Pierre-Marc Bouchard in Panthers zone.
9:46 of 3rd period - Slapshot by Mike Weber.
9:46 of 3rd period - Shot Blocked by Scott Hartnell.
10:16 of 3rd period - Wrist shot by Viktor Stalberg.
10:16 of 3rd period - Shot Misses the Net.
10:18 of 3rd period - Slapshot by Shaone Morrisonn.
10:18 of 3rd period - Stopped by Antti Niemi with a rebound.
10:20 of 3rd period - Slapshot by Viktor Stalberg.
10:20 of 3rd period - Shot Misses the Net.
10:30 of 3rd period - Daniel Sedin is hit by Greg Stewart and loses puck.
10:41 of 3rd period - Snap shot by Frans Nielsen.
10:41 of 3rd period - Stopped by Antti Niemi with a rebound.
10:51 of 3rd period - Wrist shot by Drew Stafford.
10:51 of 3rd period - Stopped by Allen York with a rebound.
10:53 of 3rd period - Snap shot by Jean-Gabriel Pageau.
10:53 of 3rd period - Deflect By Drew Stafford.
10:53 of 3rd period - Deflect By Scott Hartnell.
10:53 of 3rd period - Stopped by Allen York with a rebound.
10:55 of 3rd period - Backhand shot by William Colbert.
10:55 of 3rd period - Shot Misses the Net.
10:57 of 3rd period - Snap shot by Drew Stafford.
10:57 of 3rd period - Stopped by Allen York with a rebound.
12:06 of 3rd period - Wrist shot by Brett Maclean.
12:06 of 3rd period - Deflect By Erik Christensen.
12:06 of 3rd period - Shot Misses the Net.
12:06 of 3rd period - Puck is out of play.
12:07 of 3rd period - Matt Duchene wins face-off versus Frans Nielsen in Panthers zone.
12:22 of 3rd period - Snap shot by Alex Galchenyuk.
12:22 of 3rd period - Stopped by Allen York without a rebound.
12:23 of 3rd period - Pierre-Marc Bouchard wins face-off versus Jean-Gabriel Pageau in Canadiens zone.
12:58 of 3rd period - Wrist shot by Greg Stewart.
12:58 of 3rd period - Shot Misses the Net.
13:16 of 3rd period - Snap shot by Dustin Boyd.
13:16 of 3rd period - Stopped by Antti Niemi with a rebound.
13:18 of 3rd period - Snap shot by Dustin Boyd.
13:18 of 3rd period - Shot Misses the Net.
13:20 of 3rd period - Slapshot by Shaone Morrisonn.
13:20 of 3rd period - Stopped by Antti Niemi without a rebound.
13:21 of 3rd period - Pierre-Marc Bouchard wins face-off versus Matt Duchene in Panthers zone.
13:22 of 3rd period - Wrist shot by Scott Hartnell.
13:22 of 3rd period - Stopped by Antti Niemi with a rebound.
13:24 of 3rd period - Snap shot by Scott Hartnell.
13:24 of 3rd period - Shot Misses the Net.
13:42 of 3rd period - Minor Penalty to Erik Gudbranson for Holding.
13:43 of 3rd period - Frans Nielsen wins face-off versus Erik Christensen in Panthers zone.
13:46 of 3rd period - Snap shot by Frans Nielsen.
13:46 of 3rd period - Stopped by Antti Niemi with a rebound.
13:58 of 3rd period - Snap shot by Raphael Diaz.
13:58 of 3rd period - Deflect By Steve Downie.
13:58 of 3rd period - Shot Misses the Net.
13:58 of 3rd period - Puck is out of play.
13:59 of 3rd period - Erik Christensen wins face-off versus Frans Nielsen in Panthers zone.
13:59 of 3rd period - Erik Christensen is hit by Scott Hartnell.
14:25 of 3rd period - Jonathan Sigalet is hit by David Jones and loses puck.
14:32 of 3rd period - Wrist shot by David Jones.
14:32 of 3rd period - Stopped by Antti Niemi with a rebound.
15:12 of 3rd period - Snap shot by Alex Galchenyuk.
15:12 of 3rd period - Stopped by Allen York without a rebound.
15:13 of 3rd period - Pierre-Marc Bouchard wins face-off versus Erik Christensen in Canadiens zone.
15:42 of 3rd period - Penalty to Erik Gudbranson is over, Erik Gudbranson is back on ice.
15:50 of 3rd period - Snap shot by Matt Duchene.
15:50 of 3rd period - Stopped by Allen York with a rebound.
16:50 of 3rd period - Wrist shot by Steve Quailer.
16:50 of 3rd period - Stopped by Allen York without a rebound.
16:51 of 3rd period - Dustin Boyd wins face-off versus Matt Duchene in Canadiens zone.
17:08 of 3rd period - Icing by Tomas Kopecky.
17:09 of 3rd period - Matt Duchene wins face-off versus Pierre-Marc Bouchard in Panthers zone.
17:14 of 3rd period - Snap shot by Pierre-Marc Bouchard.
17:14 of 3rd period - Goal by Pierre-Marc Bouchard - Panthers : 6 - Canadiens : 3.
17:15 of 3rd period - Tomas Kopecky wins face-off versus Pierre-Marc Bouchard in neutral zone.
17:32 of 3rd period - Matt Duchene is hit by Steve Downie and loses puck.
18:18 of 3rd period - Backhand shot by Daniel Sedin.
18:18 of 3rd period - Stopped by Allen York with a rebound.
18:25 of 3rd period - Icing by David Jones.
18:26 of 3rd period - Jonathan Matsumoto wins face-off versus Tomas Plekanec in Canadiens zone.
18:31 of 3rd period - Snap shot by Patrick Eaves.
18:31 of 3rd period - Stopped by Allen York with a rebound.
18:43 of 3rd period - Snap shot by Enver Lisin.
18:43 of 3rd period - Shot Blocked by Patrick Eaves.
18:59 of 3rd period - Wrist shot by Matt Duchene.
18:59 of 3rd period - Goal by Matt Duchene - Panthers : 7 - Canadiens : 3.
19:00 of 3rd period - Matt Duchene wins face-off versus Pierre-Marc Bouchard in neutral zone.
19:16 of 3rd period - Icing by Colton Parayko.
19:17 of 3rd period - Pierre-Marc Bouchard wins face-off versus Jean-Gabriel Pageau in Canadiens zone.
19:21 of 3rd period - Off-side.
19:22 of 3rd period - Pierre-Marc Bouchard wins face-off versus Jean-Gabriel Pageau in neutral zone.
19:37 of 3rd period - Snap shot by Pierre-Marc Bouchard.
19:37 of 3rd period - Deflect By Scott Hartnell.
19:37 of 3rd period - Stopped by Antti Niemi with a rebound.
19:49 of 3rd period - Raphael Diaz is hit by Alex Galchenyuk and loses puck.
19:56 of 3rd period - Snap shot by Tomas Kopecky.
19:56 of 3rd period - Shot Misses the Net.
Goals for this period are 3 for Panthers vs 3 for Canadiens.
Shots for this period are 15 for Panthers vs 15 for Canadiens.